 Dungeon Crawl Stone Soup version 0.28-a0-194-g42b4daccc1 (webtiles) character file.

Game seed: 16227923818771993920

1869 GordonOverkill the Grave Robber (level 8, -9/37 HPs)
             Began as a Felid Necromancer on Aug 18, 2021.
             Was a Follower of Vehumet.
             Mangled by a two-headed ogre (15 damage)
             ... on level 9 of the Dungeon.
             The game lasted 00:35:47 (18894 turns).

GordonOverkill the Grave Robber (FeNe)             Turns: 18894, Time: 00:35:47

Health: -9/37      AC:  2    Str:  4    XL:     8   Next: 90%
Magic:  12/17      EV: 19    Int: 19    God:    Vehumet [*.....]
Gold:   294        SH:  0    Dex: 17    Spells: 5/17 levels left
                                        Lives:  0   Deaths: 2

rFire   . . .      SeeInvis +     - Unarmed
rCold   + . .      Faith    .   (shield unavailable)
rNeg    . . .      Spirit   .   (armour unavailable)
rPois   .          Reflect  .   (helmet unavailable)
rElec   .          Harm     .   (cloak unavailable)
rCorr   .          Rampage  .   (gloves unavailable)
Will    ++...                   (boots unavailable)
Stlth   +++.......              d - amulet of the acrobat
HPRegen 0.12/turn               b - ring of willpower
MPRegen 0.15/turn               m - ring of protection from cold

@: confusing by touch, quick
A: very small, claws 1, fangs 3, see invisible, speed 1, shaggy fur 2, stealthy
paws, no weapons or thrown items, no armour, multi-lived
a: Renounce Religion


You were on level 9 of the Dungeon.
You worshipped Vehumet.
Vehumet was aware of your devotion.
You visited 2 branches of the dungeon, and saw 10 of its levels.

You collected 374 gold pieces.
You spent 80 gold pieces at shops.

Inventory:

Jewellery
 b - a ring of willpower (left paw)
 d - an amulet of the acrobat (around neck)
 m - a ring of protection from cold (right paw)
Scrolls
 g - a scroll of blinking
 h - a scroll of amnesia
 j - a scroll of immolation
 n - a scroll of magic mapping
Potions
 c - 2 potions of heal wounds
 e - a potion of flight
 f - 2 potions of lignification


   Skills:
 - Level 5.0 Fighting
 - Level 5.0 Dodging
 - Level 5.0 Stealth
 + Level 4.6 Unarmed Combat
 + Level 5.4 Spellcasting
 + Level 4.7 Conjurations
 - Level 5.0 Hexes
 + Level 5.5 Necromancy
 - Level 2.0 Transmutations
 + Level 4.6 Earth Magic
 + Level 4.9 Evocations


You had 5 spell levels left.
You knew the following spells:

 Your Spells              Type           Power      Damage    Failure   Level
a - Pain                  Necr           100%       1d9       1%          1
b - Vampiric Draining     Necr           13%        2d7       3%          3
c - Confusing Touch       Hex            24%        N/A       4%          3
d - Borgnjor's Vile Clut  Necr/Erth      12%        N/A       38%         5

Your spell library contained the following spells:

 Spells                   Type           Power      Damage    Failure   Level
 Foxfire                  Conj/Fire      56%        2x1d6     4%          1
 Animate Skeleton         Necr           52%        N/A       1%          1
 Slow                     Hex            24%        N/A       2%          2
 Animate Dead             Necr           13%        N/A       12%         4
 Leda's Liquefaction      Hex/Erth       11%        N/A       16%         4
 Agony                    Necr           26%        N/A       32%         5
 Call Canine Familiar     Summ           5%         N/A       34%         3
 Bolt of Magma            Conj/Fire/Erth 8%         4d6       67%         5
 Blade Hands              Tmut           6%         N/A       82%         5
 Alistair's Intoxication  Tmut/Pois      5%         N/A       91%         5
 Iron Shot                Conj/Erth      11%        9d3       95%         6
 Statue Form              Tmut/Erth      11%        N/A       99%         6
 Eringya's Noxious Bog    Tmut/Pois      4%         N/A       100%        6
 Portal Projectile        Hex/Tloc       Unusable   N/A       N/A         3
 Animate Armour           Summ/Erth      Unusable   N/A       N/A         4

Dungeon Overview and Level Annotations

Branches:
Dungeon (9/15)             Temple (1/1) D:4            Lair (0/6) D:8
    Orc: D:9-12

Altars:
Ashenzari
Cheibriados
Elyvilon
Gozag
Hepliaklqana
Kikubaaqudgha
Makhleb
Nemelex Xobeh
Okawaru
Qazlal
Ru
Vehumet
Wu Jian
Xom
Yredelemnul
Zin
The Shining One

Shops:
D:2 ?   D:4 [   D:7 *   D:8 [

Annotations:
D:4 Ijyb, Sigmund
D:9 4 runed translucent doors, Shaidar's ghost, novice MiBe


Innate Abilities, Weirdness & Mutations

You have sharp claws.
You have razor-sharp teeth.
You have supernaturally acute eyesight. (SInv)
You cover ground quickly. (Speed+)
You are covered in thick fur. (AC +2)
Your paws help you pounce on unaware monsters.
You are incapable of wielding weapons or throwing items.
You cannot wear armour.
You gain extra lives every three experience levels.


Message History

Found a chain mail.
A two-headed ogre comes into view.
It is wielding a +0 dire flail and a +0 giant club.
Found an escape hatch in the floor.
A two-headed ogre is nearby!
The two-headed ogre shouts in stereo!
Found an escape hatch in the ceiling.
Casting: Vampiric Draining (dangerous; 3% risk of failure)
Confirm with . or Enter, or press ? or * to list all spells.
Aiming: Pain (safe; 1% risk of failure)
Press: ? - help, Shift-Dir - straight line, f - two-headed ogre
Aim: a two-headed ogre, wielding a +0 dire flail and a +0 giant club (chance to affect: 71%)
The two-headed ogre writhes in agony.
Casting: Pain (safe; 1% risk of failure)
Confirm with . or Enter, or press ? or * to list all spells.
Aiming: Pain (safe; 1% risk of failure)
Press: ? - help, Shift-Dir - straight line, f/p - two-headed ogre
Aim: a two-headed ogre, wielding a +0 dire flail and a +0 giant club (lightly wounded, chance to affect: 71%)
The two-headed ogre writhes in agony.
Casting: Pain (safe; 1% risk of failure)
Confirm with . or Enter, or press ? or * to list all spells.
Aiming: Pain (safe; 1% risk of failure)
Press: ? - help, Shift-Dir - straight line, f/p - two-headed ogre
Aim: a two-headed ogre, wielding a +0 dire flail and a +0 giant club (lightly wounded, chance to affect: 71%)
The two-headed ogre writhes in agony!
Casting: Pain (safe; 1% risk of failure)
Confirm with . or Enter, or press ? or * to list all spells.
Your paws begin to glow red.
You scratch the two-headed ogre but do no damage.
The two-headed ogre is moderately wounded.
The two-headed ogre hits you with a +0 dire flail!
The two-headed ogre closely misses you.
You scratch the two-headed ogre but do no damage.
The two-headed ogre is moderately wounded.
You scratch the two-headed ogre but do no damage.
The two-headed ogre is moderately wounded.
The two-headed ogre hits you with a +0 dire flail!!
Ouch! That really hurt!
* * * LOW HITPOINT WARNING * * *
The two-headed ogre hits you with a +0 giant club!
You die...

..........#
..........
..........
....>..[.#
.........#
.<.......#
......O..#
#@.# #.##
#.# #.#
#.#####
##.....#
###..###.###
#...........
#...########


You could see a two-headed ogre.

Vanquished Creatures
  A two-headed ogre (D:9)
  An elephant (D:8)
  A hornet (D:8)
  Eustachio (D:3)
  A yak (D:8)
  A steam dragon (D:8)
  A basilisk (D:8)
  3 orc warriors
  A black bear (D:8)
  An ogre (D:4)
  A phantom (D:6)
  A centaur (D:6)
  2 bullfrogs
  2 kobold brigands (D:9)
  3 scorpions
  2 gnoll sergeants
  6 wights (D:7)
  A crimson imp (D:7)
  3 orc priests
  2 hounds
  A jelly (D:6)
  A bullfrog skeleton (D:7)
  2 centaur skeletons
  An iguana (D:4)
  13 orc wizards
  A killer bee zombie (D:6)
  A hound skeleton (D:5)
  11 gnolls
  7 adders
  A white imp (D:7)
  4 ufetubi
  4 worms
  2 dart slugs
  31 orcs
  5 ball pythons
  7 endoplasms
  5 giant cockroaches
  7 hobgoblins
  3 quokkas
  9 bats
  5 frilled lizards
  8 goblins
  A jackal skeleton (D:4)
  8 kobolds
  4 rats
177 creatures vanquished.

Vanquished Creatures (others)
  2 plants (D:8)
2 creatures vanquished.

Grand Total: 179 creatures vanquished

Notes
Turn   | Place    | Note
-------+----------+-------------------------------------------
     0 | D:1      | GordonOverkill the Felid Necromancer began the quest for
                  | the Orb.
     0 | D:1      | Reached XP level 1. HP: 7/7 MP: 4/4
   698 | D:1      | You fall into a shaft and drop 1 floor!
   698 | D:2      | Found Aduhaar's Magic Scroll Shop.
   728 | D:2      | Reached XP level 2. HP: 7/12 MP: 1/6
  2382 | D:2      | Reached skill level 1 in Fighting
  2382 | D:2      | Reached XP level 3. HP: 8/15 MP: 2/7
  3561 | D:2      | Reached XP level 4. HP: 15/19 MP: 4/8
  4177 | D:2      | Found Aduhaar's Magic Scroll Shop.
  4856 | D:3      | Found a snail-covered altar of Cheibriados.
  5189 | D:3      | Found a white marble altar of Elyvilon.
  5314 | D:2      | Learned a level 3 spell: Vampiric Draining
  5699 | D:3      | Reached XP level 5. HP: 21/22 MP: 2/10
  6008 | D:3      | You fall into a shaft and drop 3 floors!
  6144 | D:5      | Entered Level 5 of the Dungeon
  6150 | D:5      | Noticed Eustachio
  6305 | D:6      | Gained mutation: You are covered in thick fur. (AC +2)
                  | [Felid growth]
  6305 | D:6      | Reached XP level 6. HP: 20/27 MP: 1/11
  6609 | D:5      | Reached skill level 5 in Stealth
  6635 | D:5      | Reached skill level 5 in Necromancy
  6800 | D:5      | Learned a level 3 spell: Confusing Touch
  6875 | D:4      | Reached skill level 5 in Dodging
  6914 | D:4      | Reached skill level 1 in Hexes
  7154 | D:4      | Found a staircase to the Ecumenical Temple.
  7163 | Temple   | Entered the Ecumenical Temple
  7289 | Temple   | Became a worshipper of Vehumet
  7656 | D:3      | Reached XP level 7. HP: 27/31 MP: 8/13
  8244 | D:4      | Found Zeapne's Antique Armour Emporium.
  8278 | D:4      | Noticed Ijyb
  8300 | D:4      | Noticed Sigmund
  9982 | D:3      | Reached skill level 1 in Conjurations
  9982 | D:3      | Reached skill level 1 in Earth Magic
 11199 | D:3      | Killed Eustachio
 11542 | D:4      | Killed from afar by an orc wizard
 11543 | D:4      | Reached XP level 6. HP: 0/28 MP: 2/13
 11611 | D:4      | Found Zeapne's Antique Armour Emporium.
 12418 | D:5      | Reached XP level 7. HP: 32/32 MP: 10/14
 13258 | D:6      | You fall into a shaft and drop 3 floors!
 13259 | D:9      | Noticed a two-headed ogre
 13280 | D:9      | Killed a two-headed ogre
 13281 | D:9      | Reached skill level 5 in Hexes
 13281 | D:9      | Reached XP level 8. HP: 36/36 MP: 6/16
 13363 | D:9      | Found a sacrificial altar of Ru.
 13439 | D:9      | Reached skill level 5 in Spellcasting
 13551 | D:9      | Found a runed translucent gate.
 13551 | D:9      | Found a runed translucent gate.
 13553 | D:9      | Found a runed translucent gate.
 13553 | D:9      | Noticed a spectral centaur warrior
 13554 | D:9      | Noticed a spectral centaur warrior
 13554 | D:9      | Noticed a spectral centaur warrior
 13556 | D:8      | Noticed a hornet
 13564 | D:8      | Killed a hornet
 13633 | D:8      | Noticed an elephant
 13982 | D:6      | Reached skill level 5 in Fighting
 14030 | D:6      | Reached * piety under Vehumet
 14030 | D:6      | Offered knowledge of Foxfire by Vehumet.
 14111 | D:6      | Found an opulent altar of Gozag.
 14214 | D:6      | Found a broken altar of Ashenzari.
 14778 | D:7      | Found Pitaul's General Store.
 15204 | D:7      | Reached XP level 9. HP: 40/40 MP: 14/17
 15799 | D:7      | Reached skill level 1 in Transmutations
 16090 | D:7      | Bought a potion of heal wounds for 80 gold pieces
 16326 | D:7      | Found a burning altar of Makhleb.
 16609 | D:7      | Found Pitaul's General Store.
 17497 | D:8      | Found a hazy altar of Hepliaklqana.
 17498 | D:8      | Found an iron altar of Okawaru.
 17516 | D:8      | Found Voymejeo's Armour Shop.
 17588 | D:8      | Found a staircase to the Lair.
 17930 | D:7      | Learned a level 5 spell: Borgnjor's Vile Clutch
 18013 | D:8      | Killed an elephant
 18514 | D:8      | Identified a scroll of acquirement
 18514 | D:8      | Acquired a ring of willpower
 18526 | D:8      | Noticed a troll
 18537 | D:8      | Noticed a boulder beetle
 18677 | D:9      | Noticed Shaidar's ghost (novice MiBe)
 18804 | D:9      | Noticed a kobold demonologist
 18805 | D:9      | Noticed a kobold demonologist
 18805 | D:9      | Noticed a kobold demonologist
 18807 | D:9      | Noticed a rust devil
 18811 | D:9      | Noticed a rust devil
 18812 | D:9      | Noticed an ice devil
 18819 | D:9      | Noticed a hellwing
 18820 | D:9      | Noticed a soul eater
 18822 | D:9      | Noticed a red devil
 18822 | D:9      | Noticed a hellwing
 18830 | D:9      | Noticed a red devil
 18833 | D:9      | Noticed an ice devil
 18837 | D:9      | Slain by a red devil
 18838 | D:9      | Reached XP level 8. HP: -4/37 MP: 0/17
 18870 | D:9      | Found a runed translucent door.
 18886 | D:9      | Noticed a two-headed ogre
 18894 | D:9      | Mangled by a two-headed ogre

Illustrated notes

Levels and vault maps discovered:
D:1:      heliophobic_arrival_ceremonial_halls, layout_basic,
          nrook_mini_backslash
D:2:      layout_basic, serial_shops, shop, nrook_mini_vaults, nrook_campfire
D:3:      layout_loops_ring, elyvilon_altar_4, kennysheep_slug_shrine,
          cheibrodos_sewer_entry_drain, hangedman_abyss_or_decor_lesser_grid
D:4:      layout_loops_ring, minmay_temple_entry_antechambers, serial_shops,
          nicolae_shop_statue_plus, kennysheep_flooded_box, uniq_sigmund,
          uniq_ijyb
D:5:      layout_rooms, minmay_fractal_squares_diagonal_5, uniq_eustachio
D:6:      layout_gridville, kennysheep_mini_moat,
          nicolae_gozag_cash_rules_everything_around_me
D:7:      layout_rooms, makhleb_grotto_becter,
          nicolae_ossuary_entry_false_entrances, serial_shops,
          nicolae_stop_n_shop_2, kennysheep_generic_room_13
D:8:      minmay_bloctagon_deflated, layout_basic,
          mainiacjoe_overflow_divided_tiny, david_lair_generic, serial_shops,
          nicolae_lakefront_shop
D:9:      gammafunk_indiana_jones, layout_cave_pods,
          mainiacjoe_overflow_small_starburst, orc_david_3,
          gammafunk_ghost_necromancy, minivault_13
Temple:   nicolae_temple_figure_zero

Skill      XL: |  1  2  3  4  5  6  7  8  9 |
---------------+----------------------------+-----
Stealth        | 3 4 5 |  5.0
Dodging        | 3 4 5 |  5.0
Fighting       | 1 2 4 5 |  5.0
Spellcasting   | 3 4 5 |  5.4
Necromancy     | 5 |  5.5
Hexes          | 1 5 |  5.0
Conjurations   | 2 3 4 |  4.7
Earth Magic    | 2 3 4 |  4.6
Unarmed Combat | 2 3 4 |  4.6
Evocations     | 2 3 4 |  4.9
Transmutations | 2 |  2.0

Action                   |  1- 3 |  4- 6 |  7- 9 || total
-------------------------+-------+-------+-------++-------
Melee: Unarmed           |     4 |    24 |   252 ||   280
       Bite              |       |     4 |    19 ||    23
       Punch             |       |       |     3 ||     3
 Cast: Pain              |    83 |   113 |   129 ||   325
       Vampiric Draining |       |    12 |    75 ||    87
       Confusing Touch   |       |     1 |    49 ||    50
Evoke: Wand              |       |       |    16 ||    16
  Use: Potion            |       |     5 |     2 ||     7
       Scroll            |       |     6 |    11 ||    17
 Stab: Sleeping          |     3 |     2 |     7 ||    12
       Confused          |       |       |    31 ||    31
Armor: Skin              |       |     2 |    37 ||    39
Dodge: Dodged            |     3 |    49 |   358 ||   410

Table legend: (Time is in decaauts)
 A = Elapsed time spent in this place.
 B = Non-inter-level travel time spent in this place.
 C = Inter-level travel time spent in this place.
 D = Time resting spent in this place.
 E = Time spent auto-exploring this place.
 F = Levels seen in this place.
 G = Mean time per level.
                   A        B        C        D        E       F      G
               +--------+--------+--------+--------+--------+-----+--------+
         Total |  17279 |  17010 |    269 |   9194 |   5217 |  10 | 1727.9 |
       Dungeon |  17167 |  16910 |    257 |   9194 |   5125 |   9 | 1907.4 |
        Temple |    112 |    100 |     12 |      0 |     92 |   1 |  112.0 |
               +--------+--------+--------+--------+--------+-----+--------+

Top non-repeatable levels by time:
     D:2: 3347 daAuts
     D:3: 2983 daAuts
     D:4: 2616 daAuts
     D:6: 2105 daAuts
     D:7: 1883 daAuts
     D:1: 1485 daAuts
     D:8: 1067 daAuts
     D:5: 1015 daAuts
     D:9: 662 daAuts
  Temple: 112 daAuts
